 Dungeon Crawl Stone Soup version 0.31-a0-198-g2ad674f65e (webtiles) character file.

Game seed: 7930278864379342328

723 qw the Skirmisher (level 7, 0/40 HPs)
             Began as a Deep Elf Hunter on June 25, 2023.
             Slain by an ufetubus (4 damage)
             ... summoned by Eustachio
             ... on level 4 of the Dungeon.
             The game lasted 00:00:49 (2682 turns).

qw the Skirmisher (Deep Elf Hunter)                 Turns: 2682, Time: 00:00:50

Health: 0/40       AC:  3    Str: 10    XL:     7   Next: 43%
Magic:  9/9        EV: 13    Int: 14    God:
Gold:   180        SH:  5    Dex: 18    Spells: 6/6 levels left

rFire   + . .        Y - +2 arbalest (flame)
rCold   + . .        (shield currently unavailable)
rNeg    . . .        c - +0 leather armour
rPois   .            (no helmet)
rElec   .            (no cloak)
rCorr   .            (no gloves)
SInv    .            (no boots)
Will    .....        l - amulet of reflection
Stlth   ++           e - ring of protection from fire
HPRegen 0.26/turn    d - ring of protection from cold
MPRegen 0.11/turn

%: reflection
@: about to teleport
A: no striking features
a: no special abilities


You were on level 4 of the Dungeon.
You visited 1 branch of the dungeon, and saw 4 of its levels.

You collected 180 gold pieces.


   Skills:
 - Level 2.0 Fighting
 + Level 11.1 Ranged Weapons
 - Level 4.2 Dodging
 - Level 1.2 Stealth


You had 6 spell levels left.
You didn't know any spells.
Your spell library was empty.

Inventory:

Hand Weapons
 Y - a +2 arbalest of flaming (weapon)
Armour
 c - a +0 leather armour (worn)
 h - a +0 cloak
 n - a +0 ring mail
Jewellery
 d - a ring of protection from cold (right hand)
 e - a ring of protection from fire (left hand)
 l - an amulet of reflection (around neck)
Scrolls
 p - a scroll of identify
Potions
 a - a potion of lignification {unknown}
 b - a potion of ambrosia {unknown}
 f - a potion of degeneration {unknown}
 g - a potion of brilliance {unknown}
 i - a potion of curing {unknown}
 j - a potion of haste {unknown}
 k - a potion of heal wounds {unknown}
 m - a potion of attraction {unknown}

Dungeon Overview and Level Annotations

Branches:
Dungeon (4/15)
 Temple: D:4-7

Altars:
Fedhas
Sif Muna
Zin

Annotations:
D:4 Eustachio


Message History

The crimson imp hits you. The ufetubus misses you.
The ufetubus hits you but does no damage.
The crimson imp hits you.
You shoot a bolt. The bolt hits the crimson imp!
You kill the crimson imp!
The crimson imp disappears in a puff of smoke!
The ufetubus closely misses you. x2; The ufetubus hits you.
The ufetubus closely misses you.
Eustachio mumbles some strange words.
Eustachio blinks!
You shoot a bolt. The bolt closely misses the iron imp.
The ufetubus barely misses you. The ufetubus hits you. x3
The iron imp shouts, "Fly, thou painted hasty-witted snake-molt!"
The iron imp hits you.
You shoot a bolt. The bolt closely misses the iron imp.
The ufetubus misses you. The ufetubus closely misses you. x2
The ufetubus hits you but does no damage.
The iron imp barely misses you.
You shoot a bolt. The bolt barely misses the iron imp.
The ufetubus completely misses you. You block the ufetubus's attack.
The ufetubus misses you. You block the ufetubus's attack.
The iron imp hits you!
Eustachio mumbles some strange words.
The ufetubus hits you. The ufetubus closely misses you.
2680 ||| READING scroll of teleportation.
As you read the scroll of teleportation, it crumbles to dust.
You feel strangely unstable.
The iron imp disappears in a puff of smoke!
You block the ufetubus's attack. The ufetubus barely misses you.
You shoot a bolt. The bolt hits Eustachio.
The bolt burns Eustachio.
Eustachio is lightly wounded.
You block the ufetubus's attack.
The ufetubus hits you but does no damage.
Eustachio hits you but does no damage.
You shoot a bolt. The bolt closely misses Eustachio.
The ufetubus barely misses you. The ufetubus closely misses you.
The ufetubus hits you.
The ufetubus hits you but does no damage.
Eustachio casts a spell.
Eustachio blinks!
The ufetubus hits you. x2
You die...

##......#.#......... ..
#.......#.#......... ...
#.~~~~~.#.#..#......
...##.~~~~~...##.#.#....
.......¤_~~¤............
......~¤¤0~.#....#..#.##
......~~~~~.######......
.....5¤%.0@.........#.##
.....#5@..###########.#
... ##5........### #.# .
#...........# ###
#<..........#
#...........#
#########....# #....#
#...(# #.##.####)...#
#.#..)..)....#


You could see Eustachio, a shadow imp (summoned) and 2 ufetubi.

Vanquished Creatures
  Sigmund (D:2)
  A black bear (D:4)
  A phantom (D:4)
  A scorpion (D:4)
  A hound (D:4)
  A gnoll bouda (D:4)
  Ijyb (D:4)
  Natasha (thrice) (D:3)
  8 gnolls
  6 adders
  An ufetubus (D:4)
  A dart slug (D:2)
  4 endoplasms
  2 giant cockroaches
  4 goblins
  A hobgoblin (D:4)
  2 jackals (D:4)
  4 kobolds
  A quokka (D:2)
  3 ball pythons
  A bat (D:1)
  A frilled lizard (D:3)
  5 rats
54 creatures vanquished.

Notes
Turn   | Place    | Note
-------+----------+-------------------------------------------
     0 | D:1      | qw the Deep Elf Hunter began the quest for the Orb.
     0 | D:1      | Reached XP level 1. HP: 12/12 MP: 3/3
     0 | D:1      | 0 ||| qw: Version: 0.3-a-22-g0ed2b0b
     0 | D:1      | 0 ||| qw: Game counter: 5474
     0 | D:1      | 0 ||| qw: Melee chars always use a shield: true
     0 | D:1      | 0 ||| qw: God list: Okawaru
     0 | D:1      | 0 ||| qw: Allow faded altars: false
     0 | D:1      | 0 ||| qw: Do Orc after clearing Dungeon:15 true
     0 | D:1      | 0 ||| qw: Do second Lair branch before Depths: true
     0 | D:1      | 0 ||| qw: Lair rune preference: random
     0 | D:1      | 0 ||| qw: Goals: Normal
     0 | D:1      | 0 ||| PLANNING D:1-11
   467 | D:1      | Reached XP level 2. HP: 16/16 MP: 4/4
   515 | D:1      | 515 ||| UPGRADING to ring of protection from fire.
   516 | D:1      | 516 ||| READING 2 scrolls labelled ITE PIWNEM.
   516 | D:1      | Identified 2 scrolls of acquirement
   516 | D:1      | 516 ||| ACQUIRING ring of protection from cold
   516 | D:1      | Acquired a ring of protection from cold
   518 | D:1      | 518 ||| UPGRADING to ring of protection from cold.
   519 | D:1      | 519 ||| READING scroll of acquirement.
   519 | D:1      | 519 ||| ACQUIRING +2 arbalest of flaming
   519 | D:1      | Acquired a +2 arbalest of flaming
   521 | D:1      | 521 ||| SWAPPING to +2 arbalest of flaming.
   522 | D:1      | 522 ||| DROPPING +0 shortbow.
   523 | D:1      | 523 ||| READING scroll labelled HIUDIS LECIL.
   524 | D:1      | 524 ||| READING scroll labelled INENWA HECE.
   525 | D:1      | 525 ||| READING scroll labelled MYEMONWUEN.
   526 | D:1      | 526 ||| DROPPING scroll of butterflies.
   589 | D:2      | Reached skill level 6 in Ranged Weapons
   615 | D:2      | Reached XP level 3. HP: 20/20 MP: 5/5
   618 | D:2      | Reached skill level 7 in Ranged Weapons
  1040 | D:2      | Noticed Sigmund
  1043 | D:2      | Killed Sigmund
  1044 | D:2      | Reached skill level 9 in Ranged Weapons
  1044 | D:2      | Reached XP level 4. HP: 25/25 MP: 6/6
  1044 | D:2      | Reached XP level 5. HP: 29/29 MP: 7/7
  1286 | D:2      | 1286 ||| DROPPING scarf of harm.
  1287 | D:2      | 1287 ||| UPGRADING to amulet of reflection.
  1292 | D:2      | 1292 ||| READING scroll labelled DOBERCH GUJAT.
  1293 | D:2      | 1293 ||| READING scroll labelled MAOPLAS ACSO.
  1295 | D:2      | 1295 ||| Stepping ~*~*~tactically~*~*~ (cloud).
  1457 | D:3      | Noticed Natasha
  1458 | D:3      | Killed Natasha
  1459 | D:3      | Reached skill level 3 in Dodging
  1467 | D:3      | Noticed Natasha
  1470 | D:3      | Killed Natasha
  1471 | D:3      | Reached XP level 6. HP: 35/35 MP: 8/8
  1771 | D:3      | Found a glowing silver altar of Zin.
  1780 | D:3      | Found a blossoming altar of Fedhas.
  1833 | D:3      | Noticed Natasha
  1834 | D:3      | Killed Natasha
  2022 | D:3      | 2022 ||| READING scroll labelled FANAUM FANA.
  2025 | D:3      | 2025 ||| DRINKING 2 smoky brown potions.
  2026 | D:3      | 2026 ||| DRINKING 2 viscous orange potions.
  2131 | D:3      | 2131 ||| DROPPING potion of magic.
  2132 | D:3      | 2132 ||| DROPPING potion of berserk rage.
  2137 | D:4      | Found a shimmering blue altar of Sif Muna.
  2173 | D:4      | 2173 ||| FLEEEEING.
  2185 | D:4      | 2185 ||| FLEEEEING.
  2205 | D:4      | Reached skill level 10 in Ranged Weapons
  2367 | D:4      | Reached XP level 7. HP: 40/40 MP: 9/9
  2432 | D:4      | Noticed Ijyb
  2447 | D:4      | Killed Ijyb
  2602 | D:4      | Reached skill level 11 in Ranged Weapons
  2663 | D:4      | Noticed Eustachio
  2672 | D:4      | 2672 ||| FLEEEEING.
  2679 | D:4      | HP: 8/40 [iron imp[Eustachio] (9)]
  2680 | D:4      | 2680 ||| READING scroll of teleportation.
  2682 | D:4      | Slain by an ufetubus

Levels and vault maps discovered:
D:1:      shiori_angband_town, layout_basic
D:2:      layout_basic, uniq_sigmund
D:3:      layout_basic, mainiacjoe_overflow_swirl,
          nicolae_concentric_dashed_squares_mild, uniq_natasha
D:4:      layout_basic, nicolae_sif_muna_condensation, serial_shops, shop,
          uniq_ijyb, uniq_eustachio

Skill      XL: |  1  2  3  4  5  6  7 |
---------------+----------------------+-----
Ranged Weapons | 6 9 10 11 | 11.1
Dodging        | 3 4 |  4.2
Fighting       | 2 |  2.0
Stealth        | |  1.2

Action                     |  1- 3 |  4- 6 |  7- 9 || total
---------------------------+-------+-------+-------++-------
   Fire: Shortbow          |    20 |       |       ||    20
         Arbalest          |    22 |    62 |    32 ||   116
    Use: Scroll            |     5 |     3 |     1 ||     9
         Potion            |       |     2 |       ||     2
 Armour: Leather armour    |     3 |     1 |     7 ||    11
  Dodge: Dodged            |     8 |     8 |    33 ||    49
  Block: Other             |       |     7 |    10 ||    17
         Reflection        |       |     1 |       ||     1

Table legend:
 A = Non-vault XP
 B = Vault XP
 C = Vault XP percentage of total XP
 D = Non-vault monster count
 E = Vault monster count
 F = Vault count percentage of total count
                 A         B        C        D         E       F
            +---------+---------+-------+---------+---------+-------
      Total |     734 |     300 |  29.0 |      51 |       3 |   5.6
            +---------+---------+-------+---------+---------+-------
        D:1 |      12 |       0 |   0.0 |       8 |       0 |   0.0
        D:2 |      87 |     226 |  72.2 |      12 |       1 |   7.7
        D:3 |     116 |      36 |  23.7 |      10 |       1 |   9.1
        D:4 |     519 |      38 |   6.8 |      21 |       1 |   4.5
            +---------+---------+-------+---------+---------+-------
